AoeStats
← hightower_208

Arena

508401935Analyzed
2v2 RM · 10d ago on Sep 22, 2026· 25m 11s· 4 players
Game mode
Random Map
Map size
Medium (4 player)
Population
200
Speed
Normal
Resources
Standard
Victory
Conquest
Starting age
Dark Age
Ending age
Imperial Age
RankedLock teamsTeams togetherTeam positionsShared explorationLock speedFull tech treeHidden civsTurbo modeCheats
Victory
Defeat
🇩🇪 Magyars · Germany
1737
+8
🇩🇪 Mongols · Germany
1701
+8
🇻🇳 Turks · Vietnam
1553
-9
🇷🇺 Teutons · Russia
1508
-7
GELO163Rus
2:28 Loom
9:45 Feudal Age
10:20 Double-Bit Axe
15:43 Fletching
26:59 Castle Age
DEXXTER
10:54 Feudal Age
15:04 Castle Age
13:25 Double-Bit Axe
13:24 Horse Collar
16:43 Gold Mining
16:55 Padded Archer Armor
18:09 Loom
22:33 Leather Archer Armor
hightower_208
10:53 Feudal Age
10:16 Loom
15:09 Castle Age
15:55 Double-Bit Axe
18:44 Town Watch
23:07 Horse Collar
Mjoelnir
11:25 Feudal Age
12:22 Double-Bit Axe
12:19 Horse Collar
12:36 Gold Mining
14:58 Castle Age
14:53 Fletching
16:24 Bodkin Arrow
17:46 Padded Archer Armor
23:14 Loom
24:05 Wheelbarrow
25:47 Bow Saw
25:38 Heavy Plow
Connection lost

Rejoining the realm…

Still unreachable

The connection could not be restored.

Session expired

The server has moved on; the page needs a fresh start.